 Dungeon Crawl Stone Soup version 0.19.0-26-g9e9c210 (webtiles) character file.

16461 Monsterracer the Severer (level 12, 0/111 HPs)
             Began as a Minotaur Berserker on Nov 23, 2016.
             Was an Elder of Trog.
             Slain by a skeletal warrior
             ... wielding a +0 glaive
             ... led by a skeletal warrior
              (8 damage)
             ... on level 12 of the Dungeon.
             The game lasted 00:26:09 (10190 turns).

Monsterracer the Severer (Minotaur Berserker)      Turns: 10190, Time: 00:26:10

Health: 0/111      AC: 16    Str: 22    XL:     12   Next: 10%
Magic:  11/11      EV: 15    Int: 10    God:    Trog [****..]
Gold:   207        SH:  0    Dex: 17    Spells: 0 memorised, 11 levels left

rFire  . . .     SeeInvis +     t - +1 battleaxe (vamp)
rCold  + . .     Gourm    .     q - +1 leather armour of Demons {-Tele rC+ Int+4 SInv}
rNeg   + . .     Faith    .     (shield currently unavailable)
rPois  .         Spirit   .     (helmet unavailable)
rElec  .         Reflect  .     w - +2 cloak
rCorr  .         Harm     .     m - +2 pair of gloves
MR     ++...     Rnd*Rage +     (no boots)
Stlth  +......... NoTele   +    (no amulet)
                                l - ring of positive energy
                                z - +2 ring of protection

@: exhausted, regenerating, slowed, very slow
A: retaliatory headbutt, hooves 1, horns 3, yellow scales 1, agile 1, berserk 1,
clever 1, evolution 1
a: Berserk, Trog's Hand, Brothers in Arms, Burn Spellbooks, Renounce Religion


You were on level 12 of the Dungeon.
You worshipped Trog.
Trog was greatly pleased with you.
You were hungry.

You visited 1 branch of the dungeon, and saw 12 of its levels.

You collected 651 gold pieces.
You spent 444 gold pieces at shops.

Inventory:

Hand Weapons
 t - a +1 vampiric battleaxe (weapon)
 F - a +2 antimagic battleaxe
Armour
 m - a +2 pair of gloves (worn)
 p - +0 fire dragon scales
 q - the +1 leather armour of Demons (worn) {-Tele rC+ Int+4 SInv}
   (You bought it in a shop on level 9 of the Dungeon)

   It affects your intelligence (+4).
   It protects you from cold.
   It lets you see invisible.
   It prevents most forms of teleportation.
 w - a +2 cloak (worn)
Jewellery
 l - a ring of positive energy (right hand)
 s - an uncursed ring of ice
 z - a +2 ring of protection (left hand)
Wands
 r - a wand of teleportation (7/9)
 u - a wand of teleportation (8/9)
 H - a wand of paralysis (12/24)
Scrolls
 a - 2 scrolls of enchant armour
 b - 3 scrolls of fog
 d - 5 scrolls of magic mapping
 g - 9 scrolls of identify
 h - a scroll of teleportation
 y - 3 scrolls of enchant weapon
Potions
 e - a potion of flight
 i - a potion of agility
 k - 6 potions of curing
 n - 2 potions of mutation
 v - 2 potions of might
 A - 2 potions of ambrosia
 B - 2 potions of heal wounds
 C - 2 potions of brilliance
Comestibles
 c - 8 bread rations
 f - 16 fruits
 j - 2 chunks of flesh
 x - 7 slices of pizza
 D - 2 beef jerkies
 E - 3 meat rations


   Skills:
 + Level 11.7 Fighting
 * Level 16.1 Axes
 + Level 11.5 Armour
 - Level 5.1 Dodging


You had 11 spell levels left.
You didn't know any spells.

Dungeon Overview and Level Annotations

Branches:
Dungeon (12/15)            Temple (0/1) D:5            Lair (0/6) D:11
    Orc (0/2) D:9

Altars:

Shops:
D:7 !   D:9 [   D:10 ???


Innate Abilities, Weirdness & Mutations

You reflexively headbutt those who attack you in melee.
You have a pair of large horns on your head.
You have large cloven feet.
You are partially covered in yellow scales. (AC +2)
You are agile. (Dex +2)
You tend to lose your temper in combat.
Your mind is acute. (Int +2)
You evolve.


Message History

You are too injured to fight recklessly!
You are too injured to fight recklessly!
You hit the skeletal warrior.
You kick the skeletal warrior, but do no damage.
Your headbutt misses the skeletal warrior.
The skeletal warrior is lightly damaged.
The skeletal warrior hits you with a glaive!
* * * LOW HITPOINT WARNING * * *
You hit the skeletal warrior but do no damage.
Your kick misses the skeletal warrior.
You headbutt the skeletal warrior, but do no damage.
The skeletal warrior is lightly damaged.
You are feeling hungry.
The skeletal warrior hits you with a glaive!!
* * * LOW HITPOINT WARNING * * *
Your skin crawls.
You feel resistant to hostile enchantments.
You feel somewhat more hungry. The brown ugly thing barely misses you.
The skeletal warrior hits you with a glaive!
You die...

#.### ..
#########)..##.#
....##...)...#.# #
.../.#.)...#...# .#
..#).......# #.## .#
# #####......#
#..##.#.## ..
##....%###).......##
..#
#........)........#
..#
#..(....#).@z......
..#
##.##....)..u......
..#
#.##.###..........
#.#..# #..........
#.#.## #..........
#... ##.=......# ###
#........#
..........


You could see a brown ugly thing and a skeletal warrior.

Vanquished Creatures
  Josephine (D:10)
  2 hydras
  Urug (D:10)
  4 skeletal warriors (D:12)
  A hill giant (D:10)
  A cyclops (D:11)
  The ghost of NicuTudor the Chopper, a novice HOBe of Trog (D:4)
  Joseph (D:9)
  3 two-headed ogres
  2 hornets
  Grinder (D:5)
  2 dream sheep (D:9)
  2 hippogriffs (D:7)
  Sigmund (D:2)
  5 wraiths (D:10)
  A shadow (D:11)
  8 yaks
  A swamp drake (D:9)
  2 orc warriors (D:9)
  A phantom (D:3)
  2 sky beasts
  A necrophage (D:5)
  2 black bears
  An ice beast (D:7)
  10 centaurs
  6 ogres
  A crocodile (D:11)
  Blork the orc (D:5)
  3 big kobolds (D:9)
  9 bullfrogs
  A wyvern zombie (D:8)
  3 scorpions
  A water moccasin skeleton (D:8)
  2 electric eels (D:7)
  3 wights (D:8)
  4 howler monkeys
  2 crimson imps
  5 hounds
  A bullfrog zombie (D:11)
  3 jellies
  4 orc priests
  8 orc wizards
  2 gnoll shamans
  4 iguanas
  Crazy Yiuf (D:5)
  A hell rat (D:11)
  6 worker ants
  A worker ant zombie (D:11)
  16 gnolls
  14 adders
  A river rat (D:11)
  A shadow imp (D:10)
  3 oozes
  2 adder zombies
  A worm (D:2)
  2 dart slugs
  6 leopard geckos
  34 orcs
  4 bats
  7 giant cockroaches
  8 goblins
  9 hobgoblins
  3 jackals
  12 kobolds
  10 quokkas
  2 ball pythons
  10 frilled lizards
  A jackal skeleton (D:8)
  8 rats
283 creatures vanquished.

Vanquished Creatures (collateral kills)
  A hydra (D:11)
  A centaur skeleton (D:11)
  A troll (D:11)
  A shadow (D:11)
  3 yaks (D:11)
7 creatures vanquished.

Vanquished Creatures (others)
  A plant (D:7)
1 creature vanquished.

Grand Total: 291 creatures vanquished

Notes
Turn   | Place    | Note
-------+----------+-------------------------------------------
     0 | D:1      | Monsterracer the Minotaur Berserker began the quest for the Orb.
     0 | D:1      | Reached XP level 1. HP: 19/19 MP: 0/0
    41 | D:1      | Reached skill level 4 in Axes
    84 | D:1      | Reached XP level 2. HP: 7/26 MP: 1/1
   494 | D:1      | Reached skill level 5 in Axes
   505 | D:1      | Reached XP level 3. HP: 27/31 MP: 2/2
   599 | D:1      | Reached ** piety under Trog
  1127 | D:2      | Noticed Sigmund
  1141 | D:2      | Killed Sigmund
  1141 | D:2      | Reached skill level 7 in Axes
  1141 | D:2      | Reached XP level 4. HP: 14/39 MP: 3/3
  1141 | D:2      | Reached XP level 5. HP: 16/45 MP: 4/4
  1372 | D:2      | Gained mutation: You tend to lose your temper in combat. [potion of mutation]
  1372 | D:2      | Gained mutation: You are agile. (Dex +2) [potion of mutation]
  1372 | D:2      | Gained mutation: You have large cloven feet. [potion of mutation]
  1633 | D:2      | Reached skill level 8 in Axes
  1784 | D:3      | Reached XP level 6. HP: 50/51 MP: 5/5
  1806 | D:3      | Reached *** piety under Trog
  2110 | D:3      | Reached skill level 9 in Axes
  2115 | D:3      | Gained mutation: Your mind is acute. (Int +2) [potion of beneficial mutation]
  2193 | D:4      | Reached XP level 7. HP: 54/57 MP: 6/6
  2280 | D:4      | Noticed NicuTudor's ghost (novice HOBe)
  2294 | D:4      | Killed NicuTudor's ghost
  2294 | D:4      | Reached skill level 11 in Axes
  2539 | D:4      | Reached XP level 8. HP: 66/66 MP: 7/7
  2820 | D:5      | Entered Level 5 of the Dungeon
  2916 | D:5      | Noticed Blork the orc
  2923 | D:5      | Killed Blork the orc
  3077 | D:5      | Reached **** piety under Trog
  3192 | D:5      | Reached skill level 5 in Fighting
  3270 | D:5      | Reached skill level 12 in Axes
  3403 | D:5      | Found a staircase to the Ecumenical Temple.
  3413 | D:5      | Found a runed door.
  3598 | D:5      | Noticed Crazy Yiuf
  3602 | D:5      | Killed Crazy Yiuf
  3692 | D:5      | Noticed Grinder
  3705 | D:5      | Killed Grinder
  3705 | D:5      | Reached skill level 5 in Armour
  3924 | D:6      | Reached XP level 9. HP: 72/75 MP: 8/8
  4787 | D:7      | Found Cowaheh's Distillery.
  4811 | D:7      | Bought a potion of ambrosia for 96 gold pieces
  4811 | D:7      | Bought a potion of mutation for 30 gold pieces
  4811 | D:7      | Bought a potion of heal wounds for 60 gold pieces
  4811 | D:7      | Bought a potion of brilliance for 48 gold pieces
  5919 | D:8      | Reached ***** piety under Trog
  5919 | D:8      | Reached XP level 10. HP: 48/90 MP: 9/9
  6198 | D:8      | Got a crude buckler
  6200 | D:8      | Gained mutation: You evolve. [potion of beneficial mutation]
  6201 | D:8      | Gained mutation: You have a pair of large horns on your head. [potion of beneficial mutation]
  6209 | D:8      | Reached skill level 5 in Dodging
  6427 | D:9      | Found Obicha Xyci's Antique Armour Shop.
  6437 | D:9      | Bought a distressingly furry leather armour for 210 gold pieces
  6447 | D:9      | Identified the cursed +1 leather armour of Demons {-Tele rC+ Int+4 SInv} (You bought it in a shop on level 9 of the Dungeon)
  6691 | D:9      | Noticed Joseph
  6699 | D:9      | Killed Joseph
  6745 | D:9      | Reached skill level 13 in Axes
  6789 | D:9      | Noticed a three-headed hydra
  6796 | D:9      | Killed a six-headed hydra
  7151 | D:9      | Found a staircase to the Orcish Mines.
  7304 | D:9      | Reached skill level 10 in Fighting
  7459 | D:10     | Entered Level 10 of the Dungeon
  7465 | D:10     | Found Cavvufal's Magic Scroll Shop.
  7538 | D:10     | Found Owotokhlo's Magic Scroll Emporium.
  7563 | D:10     | Reached skill level 14 in Axes
  7612 | D:10     | Found Istreudos's Magic Scroll Emporium.
  7650 | D:10     | Received a gift from Trog
  7687 | D:10     | Noticed Urug
  7698 | D:10     | Killed Urug
  7698 | D:10     | Reached XP level 11. HP: 100/100 MP: 10/10
  8052 | D:10     | Noticed Josephine
  8060 | D:10     | Killed Josephine
  8061 | D:10     | Reached skill level 10 in Armour
  8175 | D:10     | Gained mutation: You are partially covered in yellow scales. (AC +2) [evolution]
  8227 | D:10     | Noticed a hill giant
  8234 | D:10     | Killed a hill giant
  8502 | D:11     | Found a staircase to the Lair.
  8542 | D:11     | Noticed a seven-headed hydra
  8557 | D:11     | Killed an eight-headed hydra
  8558 | D:11     | Reached skill level 15 in Axes
  8624 | D:11     | Noticed an eight-headed hydra
  8629 | D:11     | Killed an eight-headed hydra
  9031 | D:11     | Paralysed by a hornet for 3 turns
  9188 | D:11     | Identified a scroll of acquirement
 10163 | D:12     | Noticed a skeletal warrior
 10164 | D:12     | Noticed a skeletal warrior
 10165 | D:12     | Noticed a skeletal warrior
 10165 | D:12     | Noticed a skeletal warrior
 10173 | D:12     | Killed a skeletal warrior
 10174 | D:12     | Killed a skeletal warrior
 10174 | D:12     | Reached skill level 16 in Axes
 10174 | D:12     | Reached XP level 12. HP: 110/110 MP: 11/11
 10190 | D:12     | Slain by a skeletal warrior

Skill      XL: |  1  2  3  4  5  6  7  8  9 10 11 |
---------------+----------------------------------+-----
Axes           | 4 5 7 8 9 11 12 14 16 | 16.1
Fighting       | 4 6 8 10 11 | 11.7
Armour         | 3 5 8 9 11 | 11.5
Dodging        | 4 5 |  5.1

Action                   |  1- 3 |  4- 6 |  7- 9 | 10-12 || total
-------------------------+-------+-------+-------+-------++-------
Melee: Hand axe          |    80 |    85 |   280 |     7 ||   452
       Headbutt          |     8 |    14 |    70 |    52 ||   144
       Kick              |       |    16 |    86 |    87 ||   189
       Battleaxe         |       |       |       |   228 ||   228
Invok: Berserk           |     2 |       |    10 |    11 ||    23
       Trog's Hand       |       |       |     2 |     5 ||     7
       Burn Spellbooks   |       |       |     1 |     3 ||     4
       Brothers in Arms  |       |       |       |     3 ||     3
  Use: Potion            |     1 |     2 |     3 |     3 ||     9
       Scroll            |       |       |    13 |     6 ||    19
 Stab: Sleeping          |     1 |       |       |       ||     1
  Eat: Chunk             |     1 |     4 |    23 |    23 ||    51
       Fruit             |       |       |     1 |     1 ||     2
       Beef jerky        |       |       |     1 |     1 ||     2
       Royal jelly       |       |       |     1 |       ||     1
       Bread ration      |       |       |       |     1 ||     1
Armor: Animal skin       |     8 |     3 |       |       ||    11
       Fire dragon scale |       |    24 |   114 |     6 ||   144
       Leather armour    |       |       |       |    90 ||    90
Dodge: Dodged            |    59 |    44 |   130 |   147 ||   380
